[Event "Titled Tuesday Blitz May 24 Late 2022"]
[White "Antonio, Jorge Carlos"]
[Black "Avramidou, Anastasia"]
[WhiteFideId "113190"]
[BlackFideId "4239873"]
[WhiteElo "2209"]
[BlackElo "2496"]
[Result "1/2-1/2"]
[Round "08"]
[TimeControl "180+1"]
[Date "2022.05.25"]
[WhiteClock "0:01:33"]
[BlackClock "0:01:35"]

1. d4 Nf6 2. Nf3 g6 3. c4 Bg7 4. Nc3 d5 5. Bg5 Ne4 6. Bh4 Nxc3 7. bxc3 O-O 8. cxd5 Qxd5 9. Bxe7 Re8 10. Bh4 Qa5 11. Qd2 c5 12. e3 Nc6 13. Be2 Bg4 14. O-O Bxf3 15. Bxf3 cxd4 16. Bxc6 bxc6 17. exd4 c5 18. Rad1 cxd4 19. cxd4 Qd5 20. f3 Rac8 21. Bf2 Rc4 22. Qf4 h5 1/2-1/2


[Site "https://www.chess.com"]

[Event "Titled Tuesday Blitz May 24 Late 2022"]
[White "Baches Garcia, Guillermo"]
[Black "Colivet Gamboa, Julio Cesar"]
[WhiteFideId "2209764"]
[BlackFideId "3949583"]
[WhiteElo "2459"]
[BlackElo "1743"]
[Result "1-0"]
[Round "08"]
[TimeControl "180+1"]
[Date "2022.05.25"]
[WhiteClock "0:01:01"]
[BlackClock "0:00:18"]

1. e4 c5 2. Nf3 Nc6 3. d4 cxd4 4. Nxd4 Nf6 5. Nc3 e5 6. Ndb5 d6 7. Bg5 a6 8. Na3 b5 9. Nd5 Be7 10. Bxf6 Bxf6 11. c4 b4 12. Nc2 a5 13. Be2 O-O 14. O-O g6 15. Bg4 Bb7 16. Qd3 Bg7 17. Rfd1 Ne7 18. Nce3 Nxd5 19. Nxd5 Qg5 20. Bf3 f5 21. a3 bxa3 22. Rxa3 Kh8 23. Rb3 Bxd5 24. Qxd5 fxe4 25. Bxe4 Qh4 26. g3 Qg4 27. f3 Qc8 28. Kg2 Rd8 29. Qxa8 Qxa8 30. Bxa8 Rxa8 31. Rxd6 1-0


[Site "https://www.chess.com"]

[Event "Titled Tuesday Blitz May 24 Late 2022"]
[White "Bernal Moro, Luis Javier"]
[Black "Haas, Michael"]
[WhiteFideId "2200236"]
[BlackFideId "1629514"]
[WhiteElo "2373"]
[BlackElo "1982"]
[Result "1-0"]
[Round "08"]
[TimeControl "180+1"]
[Date "2022.05.25"]
[WhiteClock "0:00:38"]
[BlackClock "0:00:01"]

1. c4 e5 2. Nc3 Nc6 3. Nf3 f5 4. g3 Nf6 5. d4 exd4 6. Nxd4 Nxd4 7. Qxd4 Bb4 8. Bg2 O-O 9. O-O Bxc3 10. Qxc3 Ne4 11. Qd4 Qe7 12. b3 Qf6 13. Bb2 Qxd4 14. Bxd4 d6 15. g4 Bd7 16. f3 Nf6 17. g5 Ne8 18. f4 c6 19. Rad1 Be6 20. Rf3 Nc7 21. Bb2 d5 22. Be5 Na6 23. Re3 dxc4 24. Bxg7 Kxg7 25. Rxe6 cxb3 26. axb3 Nc5 27. Re7+ Rf7 28. Rxf7+ Kxf7 29. b4 Ne6 30. Rd7+ Kg6 31. e3 Rb8 32. Bf1 Nf8 33. Rd6+ Kg7 34. Bd3 Re8 35. Kf2 Re6 36. Rd8 Re7 37. Bxf5 b6 38. Kf3 Rc7 39. Bd3 c5 40. bxc5 bxc5 41. Bc4 Ng6 42. Rg8# 1-0


[Site "https://www.chess.com"]

[Event "Titled Tuesday Blitz May 24 Late 2022"]
[White "Boder, Jan"]
[Black "Domingo Nunez, Ruben"]
[WhiteFideId "16243226"]
[BlackFideId "22245570"]
[WhiteElo "2417"]
[BlackElo "2614"]
[Result "0-1"]
[Round "08"]
[TimeControl "180+1"]
[Date "2022.05.25"]
[WhiteClock "0:00:01"]
[BlackClock "0:00:06"]

1. b3 d6 2. Bb2 Nd7 3. g3 Ngf6 4. Bg2 g6 5. c4 Bg7 6. Nc3 O-O 7. Nf3 c5 8. O-O Rb8 9. d4 a6 10. a4 b6 11. d5 Ne8 12. e4 Nc7 13. Qd3 Ne5 14. Nxe5 Bxe5 15. f4 Bd4+ 16. Kh1 b5 17. axb5 axb5 18. cxb5 Nxb5 19. Nxb5 Bxb2 20. Ra2 Bg7 21. Na7 Bd7 22. Nc6 Bxc6 23. dxc6 Qb6 24. e5 dxe5 25. Qd7 exf4 26. Rxf4 Qxb3 27. Raf2 Qe3 28. Bd5 Bf6 29. c7 Rbe8 30. Bc6 Qe5 31. Re4 Qa1+ 32. Kg2 Rc8 33. Bb7 Qb1 34. Qc6 Bd4 35. Rfe2 e6 36. Bxc8 Rxc8 37. Qd7 Qb7 38. Qd8+ Kg7 39. h3 Rxc7 0-1


[Site "https://www.chess.com"]

[Event "Titled Tuesday Blitz May 24 Late 2022"]
[White "Bonte, Andrei-Mihai"]
[Black "Krstulovic, Alex"]
[WhiteFideId "1210297"]
[BlackFideId "760056"]
[WhiteElo "2192"]
[BlackElo "2193"]
[Result "1/2-1/2"]
[Round "08"]
[TimeControl "180+1"]
[Date "2022.05.25"]
[WhiteClock "0:00:17"]
[BlackClock "0:00:06"]

1. d4 Nf6 2. c4 e6 3. Nf3 d5 4. Nc3 dxc4 5. e4 b5 6. e5 Nd5 7. Nxb5 Nb6 8. Nc3 Nc6 9. Be3 Be7 10. Be2 Bb7 11. O-O Qd7 12. Qc1 Nb4 13. Rd1 Rd8 14. Nd2 O-O 15. Nde4 Na4 16. f3 Nb6 17. Nc5 Qc6 18. Nxb7 Qxb7 19. a3 N4d5 20. Nxd5 Qxd5 21. Qc2 c5 22. f4 cxd4 23. Rxd4 Qb5 24. a4 Qb4 25. a5 Nd5 26. Bf2 Bc5 27. Rxc4 Bxf2+ 28. Kxf2 Qb8 29. g3 f6 30. exf6 Rxf6 31. Bf3 Nb4 32. Qe2 Nd3+ 33. Kg2 Qb3 34. Rc3 Qb5 35. Rd1 Nxf4+ 36. gxf4 Rg6+ 37. Kh1 Rxd1+ 38. Qxd1 h5 39. Qe2 Qxa5 40. Rc1 h4 41. Rg1 Rf6 42. Rd1 h3 43. Qd2 Qb5 44. Be4 g6 45. Qd8+ Rf8 46. Qd3 Qxb2 47. Qxh3 Kg7 48. Qxe6 Rf6 49. Qe5 Qxe5 50. fxe5 Re6 51. Rd5 a5 52. Rxa5 g5 53. Kg2 Rb6 54. Kg3 Rb4 55. Kg4 Rxe4+ 56. Kf5 Re2 57. Ra7+ Kf8 58. Kf6 Ke8 59. Ke6 Kd8 60. Ra8+ Kc7 61. Rg8 Rg2 62. Rg7+ Kd8 63. h4 g4 64. h5 g3 65. h6 Rh2 66. h7 Rh6+ 67. Kd5 g2 68. Rg8+ Ke7 69. h8=Q Rxh8 70. Rg7+ Kf8 71. Rxg2 Ke7 72. Rg7+ Kf8 73. Ra7 Rh1 74. Ke6 Rh6+ 75. Kf5 Ke8 76. e6 Rh1 77. Ra8+ Ke7 78. Ra7+ Ke8 79. Kf6 Rf1+ 80. Ke5 Re1+ 81. Kd5 Rd1+ 82. Ke4 Re1+ 83. Kf5 Rf1+ 84. Ke5 Re1+ 85. Kf6 Rf1+ 86. Ke5 1/2-1/2


[Site "https://www.chess.com"]

[Event "Titled Tuesday Blitz May 24 Late 2022"]
[White "Bryakin, Mikhail"]
[Black "Melkumyan, Hrant"]
[WhiteFideId "4165314"]
[BlackFideId "13302485"]
[WhiteElo "2417"]
[BlackElo "2604"]
[Result "1-0"]
[Round "08"]
[TimeControl "180+1"]
[Date "2022.05.24"]
[WhiteClock "0:00:11"]
[BlackClock "0:00:03"]

1. e4 e5 2. Nf3 Nc6 3. Bb5 a6 4. Ba4 Bc5 5. O-O Nge7 6. c3 Ba7 7. d3 O-O 8. Be3 d6 9. Nbd2 Ng6 10. Bxa7 Rxa7 11. d4 Bd7 12. Re1 Ra8 13. Bxc6 Bxc6 14. dxe5 dxe5 15. Nf1 Qf6 16. Ng3 Rfd8 17. Qc2 Nf4 18. Rad1 h5 19. h4 g6 20. Kh2 Kg7 21. Rxd8 Rxd8 22. Rd1 Re8 23. Qd2 Ne6 24. Ng5 Nf4 25. f3 Qe7 26. Ne2 Ne6 27. Nxe6+ Qxe6 28. b3 Re7 29. Qd8 Qf6 30. Kg3 a5 31. Qd2 a4 32. Qg5 Qe6 33. c4 Re8 34. Nc3 axb3 35. axb3 Ra8 36. Nd5 Bxd5 37. Rxd5 Re8 38. Qd2 Qf6 39. Qg5 Qb6 40. Rb5 Qc6 41. Qd2 b6 42. Rd5 Qf6 43. Qg5 Qe6 44. Qd2 Qe7 45. Rd7 Qc5 46. Qd5 Qxd5 47. exd5 Rc8 48. b4 Kf8 49. c5 bxc5 50. bxc5 Ke8 51. c6 Rd8 52. Rxc7 Rxd5 53. Kf2 Rc5 54. Kg3 Kf8 55. Kf2 Kg7 56. Ke3 Kf6 57. Rc8 Ke6 58. c7 Ke7 59. Ke4 Kd6 60. Rd8+ Kxc7 61. Rf8 f5+ 62. Kd3 Kd7 63. Rg8 Rc6 64. Rg7+ Ke8 65. Ke3 Kf8 66. Ra7 Rc4 67. g3 Rb4 68. Ra5 f4+ 69. gxf4 exf4+ 70. Ke2 Kf7 71. Ra7+ Kf6 72. Ra6+ Kg7 73. Ra7+ Kh6 74. Rf7 Rc4 75. Kd3 Rb4 76. Ke2 Rd4 77. Ke1 Ra4 78. Ke2 Ra2+ 79. Kd3 Ra3+ 80. Ke4 Ra4+ 81. Ke5 g5 82. Rf6+ Kg7 83. hxg5 h4 84. Rh6 Ra5+ 85. Kxf4 Ra4+ 86. Kf5 Ra5+ 87. Kg4 Ra4+ 88. f4 Ra1 89. Rxh4 Rg1+ 90. Kf5 Ra1 91. Rh6 Ra5+ 92. Kg4 Ra4 93. Rc6 Rb4 94. Rc7+ Kg6 95. Rc6+ Kg7 96. Rd6 Kf7 97. Rf6+ Kg7 98. Ra6 Kf7 99. Ra1 Kg6 100. Rd1 Kg7 101. Rd5 Kg6 102. Rc5 Kg7 103. Kf5 Rb7 104. g6 Ra7 105. Kg5 Ra1 106. Rc7+ Kg8 107. f5 Ra6 108. Rc8+ Kg7 109. f6+ 1-0


[Site "https://www.chess.com"]

[Event "Titled Tuesday Blitz May 24 Late 2022"]
[White "Can, Melih Kaan"]
[Black "Korchmar, Vasiliy"]
[WhiteFideId "6317383"]
[BlackFideId "24131750"]
[WhiteElo "2049"]
[BlackElo "2370"]
[Result "0-1"]
[Round "08"]
[TimeControl "180+1"]
[Date "2022.05.24"]
[WhiteClock "0:00:03"]
[BlackClock "0:00:05"]

1. d4 d5 2. c4 c6 3. Nf3 Nf6 4. Qb3 dxc4 5. Qxc4 Bg4 6. Nc3 Nbd7 7. Qb3 Bxf3 8. gxf3 e5 9. dxe5 Nxe5 10. f4 Neg4 11. h3 Nh6 12. Qxb7 Rc8 13. Bg2 Bc5 14. Bxc6+ Kf8 15. O-O g6 16. Rd1 Qc7 17. Qxc7 Rxc7 18. Rd8+ Kg7 19. Rxh8 Kxh8 20. Bf3 Nf5 21. Bd2 Nd4 22. Kg2 Bb4 23. Rc1 Rd7 24. Be3 Nf5 25. a3 Ba5 26. Bg4 Nxe3+ 27. fxe3 Rd2 28. b4 Bb6 29. Kf3 Rd8 30. h4 Bxe3 31. Kxe3 Nxg4+ 32. Kf3 h5 33. Rd1 Rc8 34. Rd3 Kg7 35. e4 Rc4 36. Nd5 Rc2 37. a4 Nh2+ 38. Ke3 Nf1+ 39. Kd4 Nd2 40. b5 Rc4+ 41. Ke5 Nxe4 42. f5 Rxa4 43. Ne3 Nc5 44. Rd5 Re4+ 45. Kd6 Nb7+ 46. Kc7 Rxe3 47. f6+ Kxf6 48. Kxb7 Re7+ 49. Ka6 Ke6 50. Rc5 f6 51. Rc6+ Kf5 52. Rc8 g5 53. Ra8 gxh4 54. Rxa7 Rxa7+ 55. Kxa7 h3 56. b6 h2 57. b7 h1=Q 58. b8=Q Kg5 59. Qc8 Qa1+ 60. Kb6 Qb2+ 61. Ka5 Qa3+ 62. Kb5 Qd3+ 63. Ka5 Qd5+ 64. Kb4 Qd6+ 65. Kb3 Qd5+ 66. Kb2 Qe5+ 67. Kc1 Qf4+ 68. Kb2 Qd4+ 69. Kc1 Qe3+ 70. Kb2 Qe5+ 71. Kc1 h4 72. Qg8+ Kf4 73. Qh8 Kg3 74. Qg7+ Qg5+ 0-1


[Site "https://www.chess.com"]

[Event "Titled Tuesday Blitz May 24 Late 2022"]
[White "Clawitter, Craig"]
[Black "Carrasco Miranda, Andres"]
[WhiteFideId "2023105"]
[BlackFideId "3405990"]
[WhiteElo "2209"]
[BlackElo "2177"]
[Result "0-1"]
[Round "08"]
[TimeControl "180+1"]
[Date "2022.05.25"]
[WhiteClock "0:00:17"]
[BlackClock "0:00:24"]

1. e4 c5 2. Nf3 d6 3. d4 cxd4 4. Nxd4 Nf6 5. Nc3 a6 6. Be3 e5 7. Nb3 Be6 8. f3 h5 9. Nd5 Nxd5 10. exd5 Bf5 11. Be2 g6 12. O-O Bg7 13. c4 Nd7 14. Qd2 Rc8 15. Rac1 O-O 16. Na5 Qc7 17. b4 e4 18. c5 exf3 19. Bxf3 Ne5 20. cxd6 Nxf3+ 21. Rxf3 Qxd6 22. Bc5 Qe5 23. Bxf8 Qd4+ 24. Rf2 Qxd2 25. Rxd2 Rxc1+ 26. Kf2 Bxf8 27. d6 Bd7 28. Nxb7 Bh6 29. Rd3 Rc2+ 30. Kg3 h4+ 31. Kxh4 Rxg2 32. Nc5 Bg5# 0-1


[Site "https://www.chess.com"]

[Event "Titled Tuesday Blitz May 24 Late 2022"]
[White "Curtis, John"]
[Black "Remolar Gallen, Jose"]
[WhiteFideId "3200256"]
[BlackFideId "2215187"]
[WhiteElo "2203"]
[BlackElo "2205"]
[Result "0-1"]
[Round "08"]
[TimeControl "180+1"]
[Date "2022.05.25"]
[WhiteClock "0:00:03"]
[BlackClock "0:00:06"]

1. c4 e5 2. b3 Nf6 3. Bb2 Nc6 4. g3 Bc5 5. Bg2 d6 6. e3 O-O 7. d3 Bg4 8. Ne2 Qd7 9. h3 Bh5 10. a3 a5 11. Nbc3 Rfe8 12. O-O Bg6 13. Qd2 Ba7 14. Kh2 Ne7 15. b4 axb4 16. axb4 c6 17. Ra2 Bb6 18. Rfa1 Rxa2 19. Rxa2 d5 20. c5 Bc7 21. Na4 h5 22. Kg1 h4 23. g4 Nh7 24. Ba1 Ng5 25. Nb6 Qd8 26. Ra8 Bb8 27. f4 exf4 28. Nxf4 Qc7 29. Qb2 f6 30. b5 Bh7 31. Qd4 cxb5 32. Nbxd5 Nc6 33. Nxf6+ gxf6 34. Qxf6 Qf7 35. Qxg5+ Kf8 36. Qh6+ Ke7 37. Qxh4+ Kd7 38. Qf2 Ne5 0-1


[Site "https://www.chess.com"]

[Event "Titled Tuesday Blitz May 24 Late 2022"]
[White "Demchenko, Anton"]
[Black "Taboas Rodriguez, Daniel"]
[WhiteFideId "4160258"]
[BlackFideId "2208466"]
[WhiteElo "2539"]
[BlackElo "2429"]
[Result "1-0"]
[Round "08"]
[TimeControl "180+1"]
[Date "2022.05.24"]
[WhiteClock "0:00:08"]
[BlackClock "0:00:11"]

1. e4 e6 2. d4 d5 3. Nd2 Nc6 4. Ngf3 Nf6 5. e5 Ne4 6. Bd3 Nxd2 7. Qxd2 Nb4 8. Be2 c5 9. c3 Nc6 10. O-O Bd7 11. Qf4 h6 12. a3 Be7 13. Qg3 g6 14. b4 cxd4 15. cxd4 Rc8 16. Be3 a6 17. h4 Na7 18. h5 g5 19. Nh2 Bb5 20. Rae1 Rc3 21. Ng4 Rxa3 22. f4 Bxe2 23. Rxe2 Nb5 24. Qf2 Nc3 25. fxg5 Nxe2+ 26. Kh2 Nc3 27. Qxf7+ Kd7 28. Nf6+ Kc8 29. g6 Ne4 30. Bc1 Rc3 31. g7 Bxf6 32. Qxe6+ Kb8 33. exf6 Re8 34. Qxe8 Qxe8 35. f7 1-0


[Site "https://www.chess.com"]

[Event "Titled Tuesday Blitz May 24 Late 2022"]
[White "Diaz Rosas, Julio Cesar"]
[Black "Hamitevici, Vladimir"]
[WhiteFideId "5105099"]
[BlackFideId "13902393"]
[WhiteElo "2278"]
[BlackElo "2359"]
[Result "1-0"]
[Round "08"]
[TimeControl "180+1"]
[Date "2022.05.24"]
[WhiteClock "0:01:49"]
[BlackClock "0:00:42"]

1. d4 Nf6 2. Nc3 d5 3. Bf4 a6 4. f3 c5 5. e3 Nc6 6. Nge2 h6 7. g4 e6 8. Bg2 Bd6 9. Bxd6 Qxd6 10. O-O O-O 11. Qd2 e5 12. Rad1 cxd4 13. exd4 e4 14. h3 Re8 15. Qf4 Qb4 16. fxe4 dxe4 17. g5 hxg5 18. Qxg5 Nh7 19. Qh5 Qxb2 20. Qxf7+ 1-0


[Site "https://www.chess.com"]

[Event "Titled Tuesday Blitz May 24 Late 2022"]
[White "Djokic, Mihailo"]
[Black "Ezat, Mohamed"]
[WhiteFideId "976440"]
[BlackFideId "10600906"]
[WhiteElo "2202"]
[BlackElo "2386"]
[Result "0-1"]
[Round "08"]
[TimeControl "180+1"]
[Date "2022.05.24"]
[WhiteClock "0:00:01"]
[BlackClock "0:00:28"]

1. e4 Nf6 2. e5 Nd5 3. c4 Nb6 4. d4 d6 5. exd6 exd6 6. Nf3 Be7 7. Bd3 O-O 8. O-O Bg4 9. h3 Bh5 10. Nc3 Nc6 11. Be3 Bf6 12. Rc1 Re8 13. Re1 Bxd4 14. Bxd4 Rxe1+ 15. Qxe1 Bxf3 16. gxf3 Nxd4 17. Qe4 Qg5+ 18. Kh2 Nxf3+ 19. Qxf3 Qxc1 20. Qxb7 Qxb2 21. Ne4 Qe5+ 22. Kg2 d5 23. Ng3 Rd8 24. c5 Nd7 25. Qxa7 d4 26. c6 Nc5 27. Be2 d3 28. Bf3 d2 29. Qa5 g6 30. Qb4 d1=Q 31. Bxd1 Rxd1 32. Qb7 Qd5+ 0-1


[Site "https://www.chess.com"]

[Event "Titled Tuesday Blitz May 24 Late 2022"]
[White "Dobre, Claudiu-Cristian"]
[Black "Shapiro, Daniel"]
[WhiteFideId "1211854"]
[BlackFideId "2001780"]
[WhiteElo "2207"]
[BlackElo "2275"]
[Result "0-1"]
[Round "08"]
[TimeControl "180+1"]
[Date "2022.05.25"]
[WhiteClock "0:00:01"]
[BlackClock "0:00:10"]

1. c4 e5 2. Nc3 Nf6 3. Nf3 d6 4. e3 c6 5. d4 e4 6. Nd2 d5 7. Qb3 Be7 8. Be2 O-O 9. O-O dxc4 10. Nxc4 b6 11. Qc2 Bf5 12. Nd2 Re8 13. Ndxe4 Nxe4 14. Nxe4 Bf8 15. Bd3 Bg6 16. Nc3 Nd7 17. Bxg6 hxg6 18. e4 Rc8 19. Be3 c5 20. Rad1 Qh4 21. dxc5 Nxc5 22. f3 g5 23. Qd2 g4 24. Qf2 Qh5 25. fxg4 Qg6 26. Qf5 Nxe4 27. Qxg6 fxg6 28. Nd5 Rc2 29. Bd4 Rd8 30. Ne3 Re2 31. Rfe1 Rxe1+ 32. Rxe1 Rxd4 33. Nc2 Rd2 34. Rxe4 Rxc2 35. b4 a5 36. bxa5 Bc5+ 37. Kf1 bxa5 38. g5 a4 39. Re6 Kf7 40. Ra6 a3 41. g3 Bb4 0-1


[Site "https://www.chess.com"]

[Event "Titled Tuesday Blitz May 24 Late 2022"]
[White "Drygalov, Andrey"]
[Black "Antipov, Mikhail Al."]
[WhiteFideId "24171735"]
[BlackFideId "4107012"]
[WhiteElo "2540"]
[BlackElo "2512"]
[Result "1-0"]
[Round "08"]
[TimeControl "180+1"]
[Date "2022.05.24"]
[WhiteClock "0:00:11"]
[BlackClock "0:00:02"]

1. e4 e5 2. Nf3 Nc6 3. Bb5 Nf6 4. d3 Ne7 5. O-O c6 6. Ba4 Ng6 7. Re1 Be7 8. c3 O-O 9. h3 Qc7 10. Nbd2 d5 11. Nf1 h6 12. Ng3 Be6 13. Bc2 Rad8 14. Qe2 Rfe8 15. Be3 c5 16. Ba4 Rf8 17. c4 d4 18. Bd2 Qc8 19. Nf5 Bd6 20. g4 Kh7 21. Nh2 Ng8 22. Qf3 Be7 23. Nxe7 N8xe7 24. Nf1 Nh4 25. Qe2 b6 26. Ng3 g6 27. f3 Qc7 28. Qf2 Rg8 29. Kh1 g5 30. Nh5 Neg6 31. Nf6+ Kg7 32. Nxg8 Rxg8 33. b4 Rh8 34. bxc5 f6 35. cxb6 axb6 36. Bb5 h5 37. Kg1 Kg8 38. Qg3 Qh7 39. a4 hxg4 40. fxg4 Nf4 41. a5 Nhg6 42. axb6 Bc8 43. Ra8 Qb7 44. Rea1 Ne2+ 45. Kf2 Nxg3 46. Kxg3 Nf4 47. R1a7 Rxh3+ 48. Kf2 Rh2+ 49. Kg1 Qxa8 50. Rxa8 Rxd2 51. Rxc8+ Kg7 52. b7 Nh3+ 53. Kf1 1-0


[Site "https://www.chess.com"]

[Event "Titled Tuesday Blitz May 24 Late 2022"]
[White "Dubov, Daniil"]
[Black "Griffith, Kyron"]
[WhiteFideId "24126055"]
[BlackFideId "2046318"]
[WhiteElo "2791"]
[BlackElo "2232"]
[Result "1-0"]
[Round "08"]
[TimeControl "180+1"]
[Date "2022.05.24"]
[WhiteClock "0:00:37"]
[BlackClock "0:00:03"]

1. e4 c6 2. d4 d5 3. e5 Bf5 4. Nf3 e6 5. Be2 c5 6. Be3 Qb6 7. c4 Qxb2 8. Nbd2 Ne7 9. O-O Nbc6 10. Nb3 dxc4 11. Bxc4 Rd8 12. Nxc5 Nd5 13. Bxd5 Rxd5 14. Nd3 Qa3 15. Nf4 Rd7 16. d5 exd5 17. Nd4 Nxd4 18. Bxd4 Bc5 19. Rc1 b6 20. Bxc5 bxc5 21. Qh5 Bg6 22. Qg4 Qa4 23. e6 fxe6 24. Qxe6+ Kf8 25. Rxc5 Rd8 26. Rc7 Qe8 27. Re1 Bf7 28. Qxe8+ Rxe8 29. Rxe8+ Bxe8 30. Ne6+ Kg8 31. Rxg7# 1-0


[Site "https://www.chess.com"]

[Event "Titled Tuesday Blitz May 24 Late 2022"]
[White "Estrada Nieto, Julian"]
[Black "Huber, Benedikt"]
[WhiteFideId "5101018"]
[BlackFideId "12923583"]
[WhiteElo "2252"]
[BlackElo "1979"]
[Result "0-1"]
[Round "08"]
[TimeControl "180+1"]
[Date "2022.05.25"]
[WhiteClock "0:00:01"]
[BlackClock "0:00:15"]

1. e4 c5 2. Nf3 e6 3. c3 Nf6 4. e5 Nd5 5. Bc4 d6 6. d4 cxd4 7. cxd4 Be7 8. O-O O-O 9. Qe2 b6 10. Nc3 Nxc3 11. bxc3 Bb7 12. Rd1 Nd7 13. Bf4 dxe5 14. dxe5 Qc7 15. Nd4 Rfd8 16. Rac1 a6 17. Bd3 Nc5 18. Bb1 Rd7 19. Qg4 Rad8 20. h4 Bf8 21. Bg5 Rc8 22. h5 Qxe5 23. Re1 Qd5 24. Nf3 f5 25. Qg3 Bd6 26. Bf4 h6 27. Bxd6 Qxd6 28. Ne5 Rdc7 29. Rcd1 Qf8 30. Qg6 Qf6 31. Qg3 Be4 32. Nc4 Bxb1 33. Rxb1 Ne4 34. Nd6 Nxg3 35. Nxc8 Rxc8 36. fxg3 Qxc3 37. Rxb6 Qc5+ 38. Kh2 Qxb6 39. Rd1 Rc2 40. Rd7 Qc6 0-1


[Site "https://www.chess.com"]

[Event "Titled Tuesday Blitz May 24 Late 2022"]
[White "Francisco Guecamburu, Candela Be"]
[Black "Nazaretyan, Tigran"]
[WhiteFideId "160911"]
[BlackFideId "24162345"]
[WhiteElo "2452"]
[BlackElo "2589"]
[Result "1-0"]
[Round "08"]
[TimeControl "180+1"]
[Date "2022.05.25"]
[WhiteClock "0:00:26"]
[BlackClock "0:00:18"]

1. e4 c5 2. Nf3 d6 3. Bb5+ Nd7 4. d4 Nf6 5. Nc3 a6 6. Bxd7+ Nxd7 7. Bg5 h6 8. Bh4 g5 9. Bg3 Bg7 10. h3 b5 11. O-O Bb7 12. Re1 O-O 13. Qd2 cxd4 14. Nxd4 Ne5 15. Nf5 Nc4 16. Qc1 Qd7 17. f4 f6 18. b3 Nb6 19. Bf2 Rac8 20. Qd2 b4 21. Nd1 Nd5 22. Nxg7 Nxf4 23. Nf5 Kh7 24. Bg3 Ng6 25. Nf2 h5 26. Rad1 h4 27. Bh2 a5 28. Qe2 Qe8 29. Qh5+ Kg8 30. Qg4 Rxc2 31. Qh5 Ne5 32. Qh6 Qf7 33. Bxe5 dxe5 34. Rd7 Re8 35. Rxb7 Rxa2 36. Nd6 exd6 37. Rxf7 Kxf7 38. Qh7+ Ke6 39. Ng4 Rf8 40. Qg7 Rf7 41. Qg8 Ke7 42. Nh6 Rf8 43. Nf5+ Ke8 44. Qe6+ Kd8 45. Qe7+ Kc8 46. Nxd6+ Kb8 47. Qb7# 1-0


[Site "https://www.chess.com"]

[Event "Titled Tuesday Blitz May 24 Late 2022"]
[White "Galiana Fernandez, Adrian"]
[Black "Vega Gutierrez, Sabrina"]
[WhiteFideId "32010150"]
[BlackFideId "2219026"]
[WhiteElo "2133"]
[BlackElo "2286"]
[Result "0-1"]
[Round "08"]
[TimeControl "180+1"]
[Date "2022.05.25"]
[WhiteClock "0:01:27"]
[BlackClock "0:01:09"]

1. Nf3 d5 2. g3 c6 3. Bg2 Bg4 4. O-O Nd7 5. h3 Bh5 6. c4 e6 7. d4 Ngf6 8. Qb3 Qb6 9. Nc3 Be7 10. g4 Bg6 11. Nh4 Qxb3 12. axb3 Bc2 13. g5 Ng8 14. cxd5 exd5 15. Nf5 Bxf5 0-1


[Site "https://www.chess.com"]

[Event "Titled Tuesday Blitz May 24 Late 2022"]
[White "Gomez Dieguez, David"]
[Black "Dahlgren, James Allen"]
[WhiteFideId "22223630"]
[BlackFideId "22256873"]
[WhiteElo "2115"]
[BlackElo "2070"]
[Result "1-0"]
[Round "08"]
[TimeControl "180+1"]
[Date "2022.05.25"]
[WhiteClock "0:02:28"]
[BlackClock "0:02:25"]

1. c4 e6 2. Nf3 d5 3. e3 Nf6 4. Nc3 c5 5. cxd5 exd5 6. d4 Be6 7. Bb5+ Nc6 8. O-O Be7 9. b3 O-O 10. dxc5 Bxc5 11. Bb2 h6 12. Rc1 Qd6 13. h3 Rad8 14. Ne2 a6 15. Bxf6 gxf6 16. Bd3 Ne5 17. Nfd4 Nxd3 18. Qxd3 Qe5 19. Rxc5 1-0


[Site "https://www.chess.com"]

[Event "Titled Tuesday Blitz May 24 Late 2022"]
[White "Grischuk, Alexander"]
[Black "Bortnyk, Olexandr"]
[WhiteFideId "4126025"]
[BlackFideId "14120828"]
[WhiteElo "2762"]
[BlackElo "2723"]
[Result "1-0"]
[Round "08"]
[TimeControl "180+1"]
[Date "2022.05.24"]
[WhiteClock "0:00:21"]
[BlackClock "0:00:07"]

1. d4 d6 2. e4 Nf6 3. Nc3 e5 4. Nf3 Nbd7 5. h3 c6 6. a4 d5 7. exd5 e4 8. dxc6 bxc6 9. Ne5 Qc7 10. Nxd7 Bxd7 11. Bc4 Bb4 12. O-O O-O 13. Bg5 Bxc3 14. bxc3 Nd5 15. Qd2 Qa5 16. Rfe1 Rfe8 17. Bb3 Qxc3 18. Bxd5 Qxd2 19. Bxf7+ Kxf7 20. Bxd2 Rab8 21. Rab1 Rb6 22. a5 Rxb1 23. Rxb1 Ke6 24. Rb7 Ra8 25. c4 h6 26. d5+ cxd5 27. cxd5+ Ke7 28. a6 Ke8 29. h4 h5 30. Be3 Bc8 31. Bxa7 g6 32. d6 Bd7 33. Rb8+ Rxb8 34. Bxb8 Bc6 35. Kh2 Kd7 36. Kg3 Kc8 37. a7 Kd7 38. Kf4 Ke6 39. Kg5 e3 40. fxe3 Bxg2 41. Kxg6 Bf3 42. Kg5 Kd7 43. Kf5 1-0


[Site "https://www.chess.com"]

[Event "Titled Tuesday Blitz May 24 Late 2022"]
[White "Gross, Nicholas"]
[Black "Milchev, Nikolay"]
[WhiteFideId "30921961"]
[BlackFideId "2906090"]
[WhiteElo "1958"]
[BlackElo "2449"]
[Result "1-0"]
[Round "08"]
[TimeControl "180+1"]
[Date "2022.05.25"]
[WhiteClock "0:00:52"]
[BlackClock "0:01:37"]

1. c4 e5 2. Nc3 Nc6 3. Nf3 g6 4. d4 exd4 5. Nxd4 Bg7 6. Nxc6 bxc6 7. g3 d6 8. Bg2 Bd7 9. Qd2 Ne7 10. b3 a5 11. Bb2 O-O 12. O-O Qb8 13. Rab1 Re8 14. h3 Qb4 15. Rfd1 Bf5 16. Rbc1 Rab8 17. Kh2 h5 18. e4 Be6 19. Na4 Qxd2 20. Rxd2 c5 21. Bxg7 Kxg7 22. Nc3 Nc6 23. f4 Nd4 24. Rcd1 f5 25. Kg1 fxe4 26. Nxe4 a4 27. bxa4 Rb4 28. Ng5 Bxc4 29. Kf2 Rxa4 30. Rb1 Rxa2 31. Rxa2 Bxa2 32. Rb7 Re2+ 33. Kg1 Re7 34. Ne4 Bd5 35. Nxd6 Bxg2 36. Kxg2 Kf6 37. Nc4 Re2+ 38. Kf1 Rc2 39. Ne3 Rc3 40. Nd5+ Ke6 41. Nxc3 1-0


[Site "https://www.chess.com"]

[Event "Titled Tuesday Blitz May 24 Late 2022"]
[White "Ivanisevic, Ivan"]
[Black "Maghsoodloo, Parham"]
[WhiteFideId "912417"]
[BlackFideId "12539929"]
[WhiteElo "2495"]
[BlackElo "2630"]
[Result "1-0"]
[Round "08"]
[TimeControl "180+1"]
[Date "2022.05.24"]
[WhiteClock "0:00:02"]
[BlackClock "0:00:01"]

1. d4 Nf6 2. c4 e6 3. g3 d5 4. Bg2 Be7 5. Nf3 O-O 6. O-O Nbd7 7. Nc3 c6 8. b3 b6 9. Nd2 Bb7 10. e4 Rc8 11. Re1 a6 12. Bb2 b5 13. c5 b4 14. Na4 a5 15. e5 Ne8 16. f4 Ba6 17. Bf1 Bb5 18. Nf3 Nc7 19. Bd3 Re8 20. a3 Rb8 21. axb4 axb4 22. g4 f6 23. exf6 Nxf6 24. Ne5 Ne4 25. Nb6 Nxc5 26. dxc5 Bxc5+ 27. Kg2 Rxb6 28. Bxh7+ Kxh7 29. Qc2+ Kg8 30. Qxc5 Na6 31. Qf2 c5 32. g5 d4 33. Qh4 Rf8 34. Ng6 Kf7 35. f5 Qd5+ 36. Kg1 Re8 37. Ne5+ Ke7 38. f6+ gxf6 39. gxf6+ Kd6 40. f7 Rf8 41. Qf4 Rbb8 42. Ng6+ Kd7 43. Re5 Qd6 44. Rae1 Nc7 45. Qf6 d3 46. Nxf8+ Rxf8 47. Rg5 d2 48. Rd1 Be2 49. Be5 Qd3 50. Bxc7 Bxd1 51. Bd8 Bxb3 52. Qe7+ Kc6 53. Qxc5+ Kd7 54. Qc7# 1-0


[Site "https://www.chess.com"]

[Event "Titled Tuesday Blitz May 24 Late 2022"]
[White "Janturin, Artur"]
[Black "Gatterer, Florian"]
[WhiteFideId "4130022"]
[BlackFideId "811688"]
[WhiteElo "2411"]
[BlackElo "2218"]
[Result "0-1"]
[Round "08"]
[TimeControl "180+1"]
[Date "2022.05.25"]
[WhiteClock "0:00:02"]
[BlackClock "0:00:11"]

1. b3 d5 2. Bb2 Bf5 3. e3 e6 4. f4 Nf6 5. Nf3 Nbd7 6. g3 h5 7. Bg2 Bc5 8. Qe2 Qe7 9. d3 O-O-O 10. a3 Ng4 11. d4 Bd6 12. c4 c6 13. h3 Ngf6 14. Nc3 Ne4 15. Nxe4 Bxe4 16. Ne5 Bxg2 17. Qxg2 Nxe5 18. fxe5 Bc7 19. O-O-O Qg5 20. Rhe1 f5 21. Kb1 Qe7 22. Ka2 g5 23. a4 Qd7 24. Ba3 Ba5 25. Re2 a6 26. Rc2 Kb8 27. Qe2 Ka8 28. b4 Bc7 29. b5 Ba5 30. bxa6 bxa6 31. cxd5 Qxd5+ 32. Qc4 h4 33. Rg1 hxg3 34. Rxg3 g4 35. hxg4 fxg4 36. Qxd5 cxd5 37. Rxg4 Rc8 38. Rxc8+ Rxc8 39. Bc5 Rb8 40. Rg6 Bc3 41. Rxe6 Rb2+ 42. Ka3 Re2 43. Rxa6+ Kb7 44. Rb6+ Kc7 0-1


[Site "https://www.chess.com"]